AoeStats
← [PSCH] R!ce

Arabia

509625180Analyzed
3v3 RM · 5d ago on Sep 27, 2026· 26m 47s· 6 players
Game mode
Random Map
Map size
Normal (6 player)
Population
200
Speed
Normal
Resources
Standard
Victory
Conquest
Starting age
Dark Age
Ending age
Imperial Age
RankedLock teamsTeams togetherTeam positionsShared explorationLock speedFull tech treeHidden civsTurbo modeCheats
Victory
Defeat
🇭🇰 Tatars · Hong Kong SAR China
1476
+14
🇭🇰 Saxons · Hong Kong SAR China
1459
+15
🇭🇰 Khmer · Hong Kong SAR China
1412
+17
🇨🇭 Ethiopians · Switzerland
1470
-17
🇨🇭 Varangians · Switzerland
1424
-15
🇨🇭 Saracens · Switzerland
1398
-14
[PSCH] Reh
4:58 Loom
9:59 Feudal Age
10:32 Double-Bit Axe
11:20 Gold Mining
13:59 Horse Collar
18:07 Fletching
22:47 Castle Age
21:06 Padded Archer Armor
23:01 Crossbowman
24:14 Bodkin Arrow
ChnebelSchnägg
7:14 Loom
9:13 Feudal Age
10:14 Double-Bit Axe
15:29 Horse Collar
17:19 Bloodlines
18:10 Forging
18:22 Scale Barding Armor
19:58 Wheelbarrow
22:58 Castle Age
22:17 Gold Mining
24:12 Husbandry
24:44 Hand Cart
26:44 Chain Barding Armor
[PSCH] R!ce
6:52 Loom
9:23 Feudal Age
10:27 Double-Bit Axe
17:42 Fletching
23:56 Castle Age
22:10 Horse Collar
22:27 Stone Mining
24:04 Crossbowman
24:40 Bodkin Arrow
Grrgrag
6:14 Loom
8:48 Feudal Age
9:34 Double-Bit Axe
16:36 Wheelbarrow
19:02 Castle Age
17:30 Padded Archer Armor
18:16 Fletching
21:14 Crossbowman
23:03 Bodkin Arrow
24:17 Leather Archer Armor
26:55 Hand Cart
Steven S Lee
6:54 Loom
9:09 Feudal Age
10:14 Double-Bit Axe
10:11 Horse Collar
16:25 Wheelbarrow
17:04 Fletching
21:23 Castle Age
20:06 Gold Mining
20:48 Scale Mail Armor
21:19 Arson
22:16 Squires
22:32 Chain Mail Armor
26:32 Gambesons
27:11 Stone Mining
27:33 Bow Saw
Fred's real son
8:33 Feudal Age
7:58 Loom
9:06 Double-Bit Axe
9:36 Horse Collar
18:33 Scale Barding Armor
19:07 Bloodlines
22:34 Castle Age
20:34 Gold Mining
23:16 Forging
22:37 Light Cavalry
23:37 Chain Barding Armor
23:31 Bow Saw
23:29 Heavy Plow
Connection lost

Rejoining the realm…

Still unreachable

The connection could not be restored.

Session expired

The server has moved on; the page needs a fresh start.